 Dungeon Crawl Stone Soup version 0.20.1-1-g8b1a95d (webtiles) character file.

121 letownia2 the Grave Robber (level 4, -7/36 HPs)
             Began as a Deep Dwarf Necromancer on Nov 29, 2017.
             Killed by divine providence
             ... invoked by an orc priest
              (14 damage)
             ... on level 4 of the Dungeon.
             The game lasted 00:04:50 (1244 turns).

letownia2 the Grave Robber (Deep Dwarf Necromancer) Turns: 1244, Time: 00:04:51

Health: -7/36      AC:  6    Str: 12    XL:     4   Next: 76%
Magic:  8/8        EV: 12    Int: 16    God:
Gold:   88         SH:  0    Dex: 13    Spells: 5/9 levels left

rFire    . . .     SeeInvis .   e - +0 short sword
rCold    . . .     Gourm    .   (no shield)
rNeg     . . .     Faith    .   g - +0 leather armour
rPois    .         Spirit   .   (no helmet)
rElec    .         Reflect  .   (no cloak)
rCorr    .         Harm     .   (no gloves)
MR       .....                  (no boots)
Stlth    ++........             (no amulet)
Regen    0.0/turn               f - +3 ring of protection
MPRegen  0.2/turn               (no ring)

@: non-regenerating
A: damage resistance, heal wounds, sense surroundings 1, no regeneration
a: Heal Wounds


You were on level 4 of the Dungeon.
You were not hungry.

You visited 1 branch of the dungeon, and saw 4 of its levels.

You collected 88 gold pieces.

Inventory:

Hand Weapons
 e - a +0 short sword (weapon)
 k - a +2 mace of venom
Armour
 a - a +0 robe
 g - a +0 leather armour (worn)
Jewellery
 f - a +3 ring of protection (left hand)
Scrolls
 d - a scroll of teleportation {unknown}
 h - a scroll of remove curse {unknown}
 j - a scroll of recharging {unknown}
Potions
 i - a potion of cancellation {unknown}
Books
 b - a book of Necromancy

   Spells                             Type                      Level
   a - Pain                           Necromancy                   1
   b - Animate Skeleton               Necromancy                   1
   c - Vampiric Draining              Necromancy                   3
   d - Regeneration                   Charms/Necromancy            3
   e - Animate Dead                   Necromancy                   4
   f - Control Undead                 Necromancy                   4
Comestibles
 c - a bread ration


   Skills:
 - Level 2.1 Dodging
 - Level 2.4 Stealth
 + Level 3.3 Spellcasting
 + Level 5.5 Necromancy


You had 5 spell levels left.
You knew the following spells:

 Your Spells              Type           Power        Failure   Level  Hunger
a - Pain                  Necr           ###.         2%          1    None
v - Vampiric Draining     Necr           ###.......   7%          3    ###....


Dungeon Overview and Level Annotations

Branches:
Dungeon (4/15)
 Temple: D:4-7

Altars:
Elyvilon


Innate Abilities, Weirdness & Mutations

You are resistant to damage.
You can heal yourself by infusing magical energy.
You passively map a small area around you.
You do not regenerate.


Message History

The orc shouts!
The orc wizard looks encouraged for a moment.
There is an open door here.
The goblin closely misses you.
The orc wizard miscasts a cantrip.
The goblin hits you with a club.
The orc wizard gestures wildly while chanting.
The orc wizard flickers and vanishes!
There is a stone staircase leading up here.
Unknown command.
You see here a dagger.
You see here 28 arrows.
There is an open door here.
There is a stone staircase leading down here.
The hobgoblin hits you but does no damage.
You climb downwards.
The orc priest shouts!
The orc priest invokes the aid of Beogh against you.
Beogh smites you!
You die...

#... # #... .# #...
######.# # #...
##...#..# ##......
##...o..####..#....
#........o.........
#g.......# ###.###.
#.@.<....# .....#.
##.......###.#.#.##
#..................
#........###.#.#.##
#...(....#...#.#...
##.....#.#.###.###.
##>..##.....o.....
########.........
#.........


You could see an orc priest, an orc (wandering) and a hobgoblin.

Vanquished Creatures
  2 orc wizards (D:3)
  2 worker ants (D:4)
  A leopard gecko (D:2)
  4 orcs
  A giant cockroach (D:2)
  2 goblins
  A hobgoblin (D:3)
  4 kobolds
  A frilled lizard (D:2)
  A rat (D:2)
19 creatures vanquished.

Notes
Turn   | Place    | Note
-------+----------+-------------------------------------------
     0 | D:1      | letownia2 the Deep Dwarf Necromancer began the quest for the Orb.
     0 | D:1      | Reached XP level 1. HP: 15/15 MP: 3/3
   215 | D:3      | Noticed an orc wizard
   238 | D:3      | Killed an orc wizard
   238 | D:3      | Reached skill level 5 in Necromancy
   238 | D:3      | Reached XP level 2. HP: 22/22 MP: 0/5
   238 | D:3      | Reached XP level 3. HP: 28/28 MP: 0/6
   243 | D:3      | Learned a level 3 spell: Vampiric Draining
   848 | D:4      | Reached XP level 4. HP: 15/36 MP: 3/8
  1091 | D:4      | Found a white marble altar of Elyvilon.
  1244 | D:4      | Killed from afar by an orc priest

Skill      XL: |  1  2  3 |
---------------+----------+-----
Spellcasting   | 2 3 |  3.3
Necromancy     | 5 |  5.5
Dodging        | |  2.1
Stealth        | |  2.4

Action                   |  1- 3 |  4- 6 || total
-------------------------+-------+-------++-------
Melee: Short sword       |     6 |       ||     6
 Cast: Pain              |    19 |    10 ||    29
       Vampiric Draining |     3 |     6 ||     9
  Eat: Chunk             |       |     2 ||     2
Armor: Robe              |    14 |       ||    14
       Leather armour    |       |     7 ||     7
Dodge: Dodged            |    23 |    19 ||    42
